Map: 失而复得-天梯版

Players

Cyan

  • Race: Protoss Protoss
  • Spawn Location: 1:00

Semper - Winner!

  • Race: Terran Terran
  • Spawn Location: 7:00

Event: WCS Montreal 2018

VOD

Have the link to the VOD?

Description

Time

  • Played on: Sept. 7, 2018, 7:50 p.m.
  • Length: 11:38

All games in this series

Show
View Real Time Build Order
Export as new Build Order

Cyan Protoss 

Build Orders: Oracle Opening 

Get SALT Encoding   

  12  0:01  Probe  
  13  0:13  Probe  
  14  0:17  Pylon  
  14  0:24  Probe  
  15  0:32  Probe  
  15  0:37  Gateway  
  15  0:41  Probe  
  16  0:46  Assimilator  
  17  0:51  Probe  
  18  1:04  Probe  
  19  1:16  Probe  
  20  1:21  Pylon  
  20  1:24  Zealot  
  20  1:25  Cybernetics Core  
  22  1:27  Assimilator  
  22  1:29  Probe  
  23  1:41  Probe  
  24  1:57  Probe  
  24  1:58  Adept  
  25  2:04  Stargate  
  27  2:09  Probe  
  28  2:17  Shield Battery  
  28  2:21  Probe  
  29  2:24  Adept  
  30  2:32  Pylon  
  30  2:40  Oracle  
  30  2:45  Shield Battery  
  33  2:53  Adept  
  35  3:10  Nexus  
  38  3:28  Void Ray  
  39  3:37  Pylon  
  38  3:42  Pylon  
  38  3:49  Shield Battery  
  38  3:53  Shield Battery  
  38  3:56  Pylon  
  38  4:00  Void Ray  
  41  4:22  Shield Battery  
  39  4:43  Phoenix  
  41  4:46  Warp Gate  
  41  4:48  Stalker  
  41  4:49  Robotics Facility  
  41  4:51  Gateway  
  41  5:06  Phoenix  
  43  5:16  Pylon  
  43  5:21  Stalker  
  43  5:24  Phoenix  
  47  5:44  Immortal  
  51  6:10  Phoenix  
  52  6:20  Probe  
  53  6:27  Pylon, Observer  
  53  6:32  Probe  
  55  6:43  Pylon  
  53  6:54  Pylon  
  46  7:05  Probe  
  47  7:11  Nexus  
  47  7:17  Probe  
  46  7:29  Probe  
  47  7:42  Probe  
  47  7:43  Robotics Bay, Forge  
  48  7:54  Probe, Observer  
  48  7:56  Sentry  
  52  8:00  Nexus  
  52  8:06  Probe  
  53  8:17  Observer  
  53  8:18  Probe  
  53  8:24  Assimilator  
  53  8:25  Probe  
  54  8:28  Colossus  
  54  8:30  Probe  
  55  8:34  Protoss Ground Weapons Level 1  
  55  8:40  Probe  
  60  8:44  Probe  
  61  8:49  Assimilator  
  61  8:50  Extended Thermal Lance, Observer  
  61  8:52  Probe  
  62  8:56  Probe  
  63  9:04  Probe  
  63  9:07  Gateway  
  64  9:16  Sentry, Zealot  
  67  9:18  Colossus  
  67  9:38  Stalker  
  75  9:47  Stalker  
  75  9:56  Colossus  
  61  10:08  Pylon  
  62  10:15  Stalker  
  62  10:16  Stalker x2  
  62  10:18  Probe x2  
  62  10:33  Gateway, Observer  
  62  10:35  Gateway  
  62  10:42  Sentry x2  
  66  10:44  Pylon  
  66  10:47  Stalker  
  66  10:49  Observer  
  65  11:04  Probe x2  
  65  11:08  Zealot x2  
  65  11:10  Zealot  
  44  11:31  Stalker x3  
Show
View Real Time Build Order
Export as new Build Order

Semper Terran - Winner!

Build Orders: Cyclone Opening, MMM Bio 

Get SALT Encoding   

  12  0:00  SCV  
  13  0:13  SCV  
  14  0:17  Supply Depot  
  14  0:25  SCV  
  15  0:39  Barracks  
  15  0:41  SCV  
  16  0:46  Refinery  
  16  0:53  SCV  
  16  0:57  Refinery  
  17  1:05  SCV  
  18  1:17  SCV  
  19  1:26  Marine  
  19  1:29  Orbital Command  
  20  1:34  Factory  
  20  1:46  Supply Depot  
  20  1:47  Barracks Reactor  
  20  1:56  SCV  
  21  2:08  SCV  
  22  2:20  SCV  
  23  2:29  Cyclone x2  
  29  2:34  SCV  
  29  2:36  Supply Depot  
  30  2:41  Starport  
  30  2:47  SCV  
  30  2:50  Starport  
  31  3:01  Hellion  
  31  3:02  Hellion  
  31  3:04  SCV  
  36  3:16  Supply Depot  
  36  3:17  SCV  
  36  3:28  Cyclone  
  36  3:32  Starport Tech Lab  
  39  3:38  Cyclone, SCV  
  42  3:50  SCV  
  42  3:51  Banshee  
  42  3:52  Marine  
  47  4:01  Supply Depot  
  47  4:02  Cloaking Field  
  46  4:11  Hellion  
  46  4:14  SCV  
  47  4:22  Marine  
  48  4:27  Widow Mine  
  48  4:29  SCV  
  49  4:37  Banshee  
  49  4:45  Barracks Reactor, Supply Depot  
  49  5:03  Barracks  
  49  5:06  Supply Depot  
  49  5:07  SCV, Widow Mine x2  
  54  5:19  SCV  
  55  5:30  Widow Mine  
  55  5:32  Command Center  
  55  5:35  Marine  
  58  5:38  Marine  
  59  5:42  SCV  
  59  5:50  Raven  
  59  5:51  Barracks Tech Lab  
  59  5:53  Marine  
  59  5:55  Marine  
  63  6:11  SCV, Marine  
  62  6:16  Supply Depot  
  58  6:20  Marine  
  58  6:22  Stimpack, Marine  
  58  6:24  SCV  
  61  6:28  Marine  
  62  6:34  Viking  
  62  6:36  SCV  
  62  6:38  Marine  
  66  6:42  Marine  
  66  6:45  Bunker  
  67  6:47  Engineering Bay  
  67  6:50  SCV  
  68  6:57  Marine  
  68  7:00  Marine  
  57  7:02  SCV  
  56  7:11  Orbital Command  
  56  7:15  SCV  
  56  7:17  Marine  
  57  7:27  Starport Reactor  
  57  7:28  Marine x2  
  57  7:30  Factory Reactor  
  57  7:36  Barracks  
  55  7:38  SCV  
  55  7:43  Marine  
  57  7:48  SCV  
  58  7:53  SCV, Terran Infantry Weapons Level 1  
  58  7:57  Barracks  
  59  8:01  Marine  
  59  8:03  Barracks  
  59  8:04  SCV  
  60  8:17  Marine x2  
  60  8:19  Widow Mine  
  63  8:20  Widow Mine  
  63  8:21  SCV  
  63  8:22  Combat Shields  
  63  8:23  SCV  
  65  8:28  Medivac  
  65  8:30  Medivac  
  68  8:35  Marauder, Marine x2  
  71  8:42  Widow Mine  
  71  8:43  Marine  
  71  8:44  SCV  
  75  8:51  Widow Mine  
  75  8:52  Barracks Reactor  
  75  8:53  Marine  
  75  8:55  Refinery  
  78  8:58  Medivac  
  78  8:59  Marine  
  78  9:00  Medivac  
  83  9:04  Marine x2  
  83  9:07  Barracks Tech Lab  
  85  9:15  Marine  
  86  9:17  Marine  
  86  9:20  Widow Mine x2  
  86  9:22  Marauder  
  93  9:25  Refinery, Marine  
  93  9:29  Supply Depot  
  93  9:30  Marine  
  93  9:34  SCV  
  94  9:40  Supply Depot  
  94  9:44  SCV  
  94  9:45  Marine  
  94  9:50  Marine  
  93  9:53  Marauder, Marine  
  93  9:57  Marine  
  93  9:58  SCV x2  
  89  10:00  Marine  
  90  10:09  Missile Turret  
  90  10:10  SCV x2  
  90  10:13  Marine  
  93  10:17  Medivac  
  95  10:22  SCV  
  95  10:25  Liberator  
  95  10:27  Marauder x2  
  99  10:30  Liberator  
  99  10:34  Marine  
  99  10:35  Marauder  
  105  10:49  Supply Depot  
  102  11:09  Marine  
  102  11:11  Marauder, Marine  
Tags
 
Add a new tag
Caveats
  • Supply blocks, unpowered buildings, or Contaminate may cause inaccurate times.
  • Supply counts are checked every 10 seconds.